AoeStats
← Drizzie

Golden Pit

503199823Analyzed
1v1 RM · 3mo ago on Aug 30, 2026· 22m 41s· 2 players
Game mode
Random Map
Map size
Tiny (2 player)
Population
200
Speed
Normal
Resources
Standard
Victory
Conquest
Starting age
Dark Age
Ending age
Imperial Age
RankedLock teamsTeams togetherTeam positionsShared explorationLock speedFull tech treeHidden civsTurbo modeCheats
Victory
Defeat
🇦🇷 Saracens · Argentina
1079
+15
vs
🇺🇸 Ethiopians · United States
1055
-15
Drizzie
6:44 Loom
9:41 Feudal Age
10:17 Double-Bit Axe
11:52 Fletching
14:19 Padded Archer Armor
20:48 Scale Barding Armor
VZ | Facuaoe
6:42 Loom
9:18 Feudal Age
10:00 Double-Bit Axe
14:45 Fletching
18:53 Padded Archer Armor
22:33 Castle Age
22:24 Gold Mining
22:16 Horse Collar
23:12 Wheelbarrow
22:39 Crossbowman
Connection lost

Rejoining the realm…

Still unreachable

The connection could not be restored.

Session expired

The server has moved on; the page needs a fresh start.